 Dungeon Crawl Stone Soup version 0.17-a0-1150-g17b0b87 (console) character file.

384 hyperkellhus the Sneak (level 6, -1/58 HPs)
             Began as an Octopode Assassin on May 27, 2015.
             Slain by a giant frog (4 damage)
             ... in a sewer.
             The game lasted 00:06:41 (3471 turns).

hyperkellhus the Sneak (Octopode Assassin)          Turns: 3471, Time: 00:06:41

Health: -1/58      AC: 23    Str: 11    XL:     6   Next: 77%
Magic:  6/6        EV: -1    Int: 18    God:
Gold:   141        SH:  0    Dex: 20    Spells: 0 memorised, 5 levels left

rFire  . . .     SeeInvis .     a - +2 dagger
rCold  . . .     Clarity  .     (no shield)
rNeg   + + +     SustAt   .     (helmet currently unavailable)
rPois  +         Gourm    .     (no amulet)
rElec  .         Spirit   .     r - ring of poison resistance
rCorr  .         Warding  .     (no ring)
rMut   .         NoTele   +     (no ring)
MR     .....                    (no ring)
Stlth  ++++++....               (no ring)
                                (no ring)
                                (no ring)
                                (no ring)

@: brilliant, agile, tree-form, constricted, not resistant to hostile
enchantments, very stealthy
A: almost no armour, amphibious, 8 rings, (constrict 8), (camouflage 0),
(gelatinous body 0)
a: no special abilities


You were in a sewer.
You were not hungry.
You were a tree.
You visited 1 branch of the dungeon, and saw 4 of its levels.
You also visited: Sewer.

You collected 141 gold pieces.

Inventory:

Hand weapons
 a - a +2 dagger (weapon)
 b - a +0 blowgun
Missiles
 c - 6 poisoned needles
 n - 8 javelins (quivered)
Jewellery
 r - a ring of poison resistance (left branch)
 u - an uncursed amulet of stasis
Scrolls
 g - a scroll of amnesia {unknown}
 h - a scroll of immolation {unknown}
 o - a scroll of remove curse {unknown}
 s - 3 scrolls of teleportation {unknown}
 x - 2 scrolls of identify {unknown}
 A - 2 scrolls of random uselessness {unknown}
 C - a scroll of enchant weapon {unknown}
Potions
 t - a potion of resistance {unknown}
 v - a potion of ambrosia {unknown}
 w - a potion of might {unknown}
 z - a potion of flight {unknown}
 D - a potion of cancellation {unknown}
 E - a potion of heal wounds {unknown}
Comestibles
 e - 2 bread rations
 i - 2 beef jerkies
 l - 11 fruits
 q - a meat ration
 F - 3 chunks of flesh


   Skills:
 - Level 2.0 Fighting
 + Level 5.2 Short Blades
 - Level 2.0 Throwing
 - Level 4.0 Dodging
 - Level 5.3 Stealth


You had 5 spell levels left.
You didn't know any spells.

Dungeon Overview and Level Annotations

Branches:
Dungeon (4/15)
 Temple: D:4-7

Altars:
Ashenzari
Kikubaaqudgha
Ru

Annotations:
D:2 exclusion: adder


Innate Abilities, Weirdness & Mutations

You cannot wear most types of armour.
You are amphibious.
You can wear up to eight rings at the same time.
((You can use your tentacles to constrict eight enemies at once.))
((Your skin changes colour to match your surroundings (Stealth).))
((Your rubbery body absorbs attacks (AC +1).))


Message History

Okay, then.
Press: ? - help, v - describe, . - travel
Here: a giant frog Some shallow water.
You barely miss the giant frog. You grab the giant frog.
You squeeze the giant frog!
The giant frog is moderately wounded.
You constrict the giant frog. The giant frog misses you.
The ball python misses you.
* * * LOW HITPOINT WARNING * * *
The ball python constricts you. The giant frog hits you.
* * * LOW HITPOINT WARNING * * *
Drink which item? (? for menu, Esc to quit)
You can't drink that!
Drink which item? (? for menu, Esc to quit)
It was a potion of lignification.
You turn into a tree.
Your roots penetrate the ground.
You lose your grip on the giant frog.
The ball python bites you but does no damage.
The ball python constricts you. The giant frog hits you.
You die...

#∩# #.≈≈≈≈≈≈≈≈[(|.≈≈≈≈ #.#
#.≈≈≈≈≈≈≈≈≈!..≈≈≈≈ #∩#
#.≈≈≈.≈≈≈≈≈.≈≈≈≈F≈ #.#
#.≈≈≈.≈≈≈≈≈≈≈≈≈≈≈# #.#
#.≈≈≈.≈≈≈≈≈≈≈≈≈≈≈#
##≈###.≈≈≈.≈≈≈≈≈≈≈≈≈≈≈#
#.≈.##.≈≈≈(#≈≈≈≈≈≈≈≈≈##
#.≈≈##.≈≈FS#≈≈≈≈≈≈≈≈##
#.≈≈##.≈≈≈♣###≈≈≈≈≈##
#†≈≈##.≈≈≈.# #######
#≈≈≈##.≈≈≈.# #≈≈≈##.≈≈≈≈#
##≈≈≈##≈≈≈≈.################
#..≈≈≈≈.≈≈≈≈≈...≈.≈≈≈≈≈.....
#.≈≈≈≈≈≈≈≈≈≈≈≈≈≈≈≈≈≈≈≈≈≈≈≈≈≈
#.≈≈≈≈≈≈≈≈≈≈≈≈≈≈≈≈≈≈≈≈≈≈≈≈≈≈
#.≈≈≈≈≈≈≈≈≈≈≈≈≈≈≈≈≈≈≈≈≈≈≈≈≈≈


You could see a giant frog and a ball python.

Vanquished Creatures
  A giant frog (Sewer)
  A scorpion (D:4)
  A hound (D:4)
  2 worker ants (D:4)
  10 adders
  3 oozes
  A worm (D:3)
  2 giant geckos (Sewer)
  2 orcs (D:4)
  6 giant cockroaches
  13 goblins
  5 hobgoblins
  15 jackals
  8 kobolds
  2 ball pythons
  7 bats
  A giant gecko skeleton (D:4)
  6 giant newts
  7 rats
93 creatures vanquished.

Notes
Turn   | Place    | Note
--------------------------------------------------------------
     0 | D:1      | hyperkellhus the Octopode Assassin began the quest for the Orb.
     0 | D:1      | Reached XP level 1. HP: 14/14 MP: 1/1
    49 | D:1      | Reached XP level 2. HP: 19/19 MP: 2/2
   784 | D:2      | Reached XP level 3. HP: 24/24 MP: 3/3
  1022 | D:2      | Found an ancient bone altar of Kikubaaqudgha.
  1120 | D:2      | Reached XP level 4. HP: 24/29 MP: 4/4
  1407 | D:2      | Found a shattered altar of Ashenzari.
  1668 | D:2      | Reached skill level 1 in Short Blades
  2052 | D:3      | Found a sacrificial altar of Ru.
  2086 | D:3      | Reached XP level 5. HP: 34/34 MP: 5/5
  2945 | D:4      | Reached XP level 6. HP: 39/39 MP: 6/6
  3083 | D:4      | Found a glowing drain.
  3184 | Sewer    | Entered a sewer
  3463 | Sewer    | Reached skill level 5 in Short Blades
  3471 | Sewer    | Slain by a giant frog

Vault maps used:
D:1:      scummos_arrival_star, serial_bayou_ford_a
D:2:      lemuel_crystal_altar, nicolae_ashenzari_panopticon
D:3:      nicolae_overflow_hidden_temple, minivault_25, hangedman_ru_absence
D:4:      portal_sewer_entry_d, first_bread, minmay_misc_feat_pillars
Sewer:    sewer_frog_island_01

Action                   |  1- 3 |  4- 6 || total
-------------------------+-------+-------++-------
Melee: Dagger            |    54 |   117 ||   171
 Fire: Blowgun           |       |    10 ||    10
  Use: Potion            |       |     6 ||     6
 Stab: Sleeping          |    17 |    20 ||    37
       Distracted        |       |     1 ||     1
  Eat: Chunk             |     1 |     7 ||     8
